 Dungeon Crawl Stone Soup version 0.27.0-1-g7a089689b8 (webtiles) character file.

Game seed: 11170634022715008126

1114 MajorAdolf the Chopper (level 8, -1/72 HPs)
             Began as a Naga Wanderer on Aug 8, 2021.
             Was an Initiate of Ashenzari.
             Killed by nerve-wracking pain
             ... invoked by a shadow imp
              (5 damage)
             ... on level 6 of the Dungeon.
             The game lasted 00:11:21 (8551 turns).

MajorAdolf the Chopper (Naga Wanderer)              Turns: 8551, Time: 00:11:22

Health: -1/72      AC:  6    Str: 18    XL:     8   Next: 34%
Magic:  13/13      EV:  8    Int: 17    God:    Ashenzari [......]
Gold:   325        SH:  0    Dex: 11    Spells: 11/14 levels left

rFire    + . .     SeeInvis +   a - +5 hand axe
rCold    . . .     Faith    .   (no shield)
rNeg     . . .     Spirit   .   p - +0 ring mail {Will+}
rPois    +         Reflect  .   (no helmet)
rElec    .         Harm     .   j - +0 cloak
rCorr    .         Rampage  .   (no gloves)
Will     ++...     Clarity  +   (no barding) Stlth +.........Rnd*Tele +
                                (no amulet)
HPRegen  0.22/turn              r - ring of Apeoromancy {Str+6, Alch, Comp} (curse)
MPRegen  0.13/turn              (no ring)

@: hasted, quick
A: AC +2, large, see invisible, deformed body, poison resistance, slowness 2,
spit poison 1, naga tail 1, clarity, fire resistance 1, passive freeze,
teleportitis 1
a: Spit Poison, Renounce Religion, Shatter the Chains


You were on level 6 of the Dungeon.
You worshipped Ashenzari.
Ashenzari was noncommittal.
You visited 2 branches of the dungeon, and saw 7 of its levels.

You collected 325 gold pieces.

Inventory:

Hand Weapons
 a - a +5 hand axe (weapon)
 c - a +0 mace
Armour
 j - a +0 cloak (worn)
 p - a +0 ring mail of willpower (worn)
Magical Staves
 e - a staff of fire
 g - a staff of death
Jewellery
 r - the cursed ring of Apeoromancy (left hand) {Str+6, Alch, Comp}
   (You found it on level 4 of the Dungeon)

   [ring of strength]

   Str:       It affects your strength (+6).
   It has a curse which improves the following skills: Alchemy: Poison Magic and
   Transmutations.
   Companions: Summonings and Necromancy.
Scrolls
 b - 2 scrolls of holy word
 d - 9 scrolls of identify
 m - a scroll of magic mapping
 q - a scroll of enchant armour
 s - a scroll of immolation
Potions
 h - 2 potions of brilliance
 k - a potion of haste
 l - 2 potions of attraction
 u - 2 potions of flight


   Skills:
 - Level 4.0 Fighting
 + Level 7.6(7.8) Axes
 - Level 2.0(5.2) Maces & Flails
 - Level 1.0 Shields
 + Level 3.6 Spellcasting
 + Level 4.1 Ice Magic
 - Level 1.0 Evocations


You had 11 spell levels left.
You knew the following spells:

 Your Spells              Type           Power      Damage    Failure   Level
a - Ozocubu's Armour      Ice            17%        N/A       16%         3

Your spell library contained the following spells:

 Spells                   Type           Power      Damage    Failure   Level
 Blink                    Tloc           N/A        N/A       41%         2
 Lesser Beckoning         Tloc           1%         N/A       65%         3
 Portal Projectile        Hex/Tloc       6%         N/A       65%         3
 Summon Guardian Golem    Hex/Summ       3%         N/A       65%         3
 Blade Hands              Tmut           1%         N/A       100%        5
 Excruciating Wounds      Necr           1%         N/A       100%        5
 Manifold Assault         Tloc           3%         N/A       100%        5
 Orb of Destruction       Conj           1%         N/A       100%        7
 Ozocubu's Refrigeration  Ice            8%         4d6       100%        7
 Spellforged Servitor     Conj/Summ      1%         N/A       100%        7


Dungeon Overview and Level Annotations

Branches:
Dungeon (6/15)             Temple (1/1) D:5

Altars:
Ashenzari
Cheibriados
Dithmenos
Elyvilon
Gozag
Hepliaklqana
Kikubaaqudgha
Makhleb
Nemelex Xobeh
Okawaru
Qazlal
Ru
Sif Muna
Wu Jian
Xom
Yredelemnul
Zin
The Shining One

Annotations:
D:3 1 runed translucent door, exclusion: 2 doors, Crazy Yiuf


Innate Abilities, Weirdness & Mutations

Your serpentine skin is tough. (AC +2)
You have supernaturally acute eyesight. (SInv)
Armour fits poorly on your strangely shaped body.
Your system is resistant to poisons. (rPois)
You cover ground very slowly.
You can spit poison.
You have a snake-like lower body.
You possess an exceptional clarity of mind.
Your flesh is heat resistant. (rF+)
A frigid envelope surrounds you and freezes all who hurt you.
You are occasionally teleported next to monsters.


Message History

The wight barely misses you.
You closely miss the wight.
The wight is almost destroyed.
You closely miss the shadow imp.
Unknown command.
You closely miss the wight.
The wight is almost destroyed.
You barely miss the shadow imp.
The shadow imp shouts, "Go and return not, thou pox-marked beef-witted scavenger!"
The shadow imp hits you.
* * * LOW HITPOINT WARNING * * *
The shadow imp completely resists.
The wight hits you with a +0 battleaxe!
* * * LOW HITPOINT WARNING * * *
The wight completely resists.
The wight hits you from afar with a +4 spear.
* * * LOW HITPOINT WARNING * * *
You hit the wight.
You destroy the wight!
You hit the shadow imp. The shadow imp hits you.
* * * LOW HITPOINT WARNING * * *
The shadow imp completely resists.
Unknown command.
Unknown command.
Unknown command.
Unknown command.
Unknown command.
Okay, then.
Okay, then.
As you read the scroll of fear, it crumbles to dust.
You assume a fearsome visage.
The shadow imp is unaffected.
The wight is unaffected. x2; The iguana looks frightened!
The wight completely misses you.
Unknown command.
Items here: $ ) ? [.
The shadow imp gestures at you. You resist with almost no effort.
Cornered, the iguana turns to fight!
Okay, then.
The shadow imp gestures at you. Pain shoots through your body!
You die...

#..# ##.# #.# #.#
#.# # #(# ##.###.#
#.# ##...##.#######
#.#
#..........h..####
#.#
#................#
#.#
#.....##.####.##.#
#.####.@.#
#.####.##.###
#...###.##
#............ ###.#
#.# ######5.....z
#.# #.# #..#....
#.# #5#
#####..##### #.#
#z#####.)z†l..#
#.###.z...z.###.#.#
#
#.............#'#.#
#
##########.##.'_'.#
#


You could see 2 wights and a shadow imp.

Vanquished Creatures
  A hornet zombie (D:6)
  A black bear (D:6)
  An ogre (D:5)
  A centaur (D:4)
  3 scorpions
  2 wights (D:6)
  A centaur zombie (D:4)
  A jelly (D:3)
  A bullfrog skeleton (D:6)
  A centaur skeleton (D:5)
  An orc priest (D:3)
  4 hounds
  An orc wizard (D:3)
  A killer bee zombie (D:6)
  A hound zombie (D:5)
  5 adders
  An ufetubus (D:5)
  An adder skeleton (D:4)
  2 worms (D:2)
  2 dart slugs
  8 orcs
  8 ball pythons
  5 endoplasms
  2 giant cockroaches (D:1)
  7 goblins
  8 hobgoblins
  3 iguanas
  8 jackals
  4 kobolds
  3 quokkas
  3 bats
  3 frilled lizards
  2 rats
96 creatures vanquished.

Vanquished Creatures (others)
  8 plants (D:4)
8 creatures vanquished.

Grand Total: 104 creatures vanquished

Notes
Turn   | Place    | Note
-------+----------+-------------------------------------------
     0 | D:1      | MajorAdolf the Naga Wanderer began the quest for the Orb.
     0 | D:1      | MajorAdolf set off with the following items: a +2 hand axe,
                  | a +0 ring mail, a +0 mace
     0 | D:1      | Reached XP level 1. HP: 22/22 MP: 1/1
   346 | D:1      | Reached XP level 2. HP: 11/30 MP: 2/2
   924 | D:1      | Reached skill level 3 in Axes
  1654 | D:2      | Reached XP level 3. HP: 36/36 MP: 3/3
  2223 | D:2      | Found a faded altar of an unknown god.
  2592 | D:2      | Reached skill level 4 in Axes
  3152 | D:2      | Reached XP level 4. HP: 19/44 MP: 4/4
  3476 | D:3      | Found a shimmering altar of Xom.
  3570 | D:3      | Found a runed translucent door.
  3571 | D:3      | Noticed Crazy Yiuf
  4212 | D:3      | Reached skill level 5 in Axes
  4212 | D:3      | Reached XP level 5. HP: 27/50 MP: 5/5
  5473 | D:4      | Reached skill level 6 in Axes
  5473 | D:4      | Reached XP level 6. HP: 57/57 MP: 6/6
  5536 | D:4      | Learned a level 3 spell: Ozocubu's Armour
  5734 | D:4      | Found a burning altar of Makhleb.
  5778 | D:4      | Found a white marble altar of Elyvilon.
  5960 | D:4      | Reached skill level 1 in Ice Magic
  6254 | D:4      | Found a hazy altar of Hepliaklqana.
  6476 | D:5      | Entered Level 5 of the Dungeon
  6526 | D:4      | Reached skill level 1 in Spellcasting
  6692 | D:5      | Reached XP level 7. HP: 64/64 MP: 9/9
  6755 | D:5      | Found a staircase to the Ecumenical Temple.
  6782 | Temple   | Entered the Ecumenical Temple
  7079 | Temple   | Became a worshipper of Ashenzari the Shackled
  7287 | D:5      | Reached skill level 7 in Axes
  7804 | D:6      | Identified a scroll of acquirement
  7813 | D:6      | Acquired a book of Spatial Translocations
  8131 | D:6      | Reached XP level 8. HP: 30/72 MP: 10/12
  8406 | D:6      | Found an opulent altar of Gozag.
  8523 | D:6      | Gained mutation: You are occasionally teleported next to
                  | monsters. [potion of mutation]
  8523 | D:6      | Gained mutation: A frigid envelope surrounds you and
                  | freezes all who hurt you. [potion of mutation]
  8523 | D:6      | Gained mutation: Your flesh is heat resistant. (rF+)
                  | [potion of mutation]
  8523 | D:6      | Gained mutation: You possess an exceptional clarity of
                  | mind. [potion of mutation]
  8536 | D:6      | HP: 2/72 [wight (4)]
  8551 | D:6      | Killed from afar by a shadow imp

Illustrated notes

Levels and vault maps discovered:
D:1:      minmay_arrival_stone_box, layout_loops_corners,
          chequers_serial_rivers_micro_e
D:2:      layout_loops_corners, chequers_ecumenical_altar_twisty, st_stairs_7
D:3:      layout_rooms, dk_xom_monty_hall, uniq_crazy_yiuf_cottage
D:4:      layout_loops_ring, mainiacjoe_overflow_surrounded_room,
          lemuel_round_altar, lightli_temple_of_fire, serial_forest,
          infiniplex_forest_clump_small, infiniplex_forest_end_2,
          infiniplex_forest_end_3, infiniplex_forest_clump_medium,
          infiniplex_forest_clump_long, infiniplex_forest_lined_room_2,
          infiniplex_forest_clump_curved, infiniplex_forest_corner_2
D:5:      layout_cave_pools, minmay_temple_entry_mist
D:6:      layout_loops_ring, kennysheep_mini, uniq_duvessa, uniq_eustachio,
          uniq_edmund, uniq_maggie
Temple:   nicolae_temple_figure_eight

Skill      XL: |  1  2  3  4  5  6  7  8 |
---------------+-------------------------+-----
Axes           | 3 4 5 6 7 |  7.6
Ice Magic      | 1 3 4 |  4.1
Spellcasting   | 1 3 |  3.6
Fighting       | |  4.0
Maces & Flails | |  2.0
Shields        | |  1.0
Evocations     | |  1.0

Action                   |  1- 3 |  4- 6 |  7- 9 || total
-------------------------+-------+-------+-------++-------
Melee: Hand axe          |   100 |   157 |   118 ||   375
 Cast: Ozocubu's Armour  |       |       |     6 ||     6
Invok: Curse Item        |       |       |     1 ||     1
 Abil: Spit Poison       |     8 |    18 |     1 ||    27
  Use: Scroll            |       |       |     6 ||     6
       Potion            |       |       |     3 ||     3
Armor: Ring mail         |    10 |    72 |    39 ||   121
       Plate armour      |    47 |       |       ||    47
       Scale mail        |       |     3 |       ||     3
Dodge: Dodged            |    18 |    80 |    58 ||   156
